[Event "Open Nuevo Centro. Jornada 2"]
[Site "Chess.com"]
[Date "2020.06.26"]
[Round "4"]
[White "Birnoveanu, Petru"]
[Black "García Giménez, Santiago"]
[Result "0-1"]
[WhiteElo "1690"]
[BlackElo "1956"]
[TimeControl "180+2"]
[EndTime "11:12:56 PDT"]
[Termination "Victoria de Somaelfideitos por tiempo"]

1. e4 e5 2. Bc4 Bc5 3. Nf3 Nc6 4.
O-O Nf6 5. d4 Bxd4 6. Nxd4 Nxd4 7. f4 d6 8. fxe5 dxe5 9. Bg5 Be6 10. Nd2 h6 11. Bxf6 gxf6 12. c3 Nc6 13. Bxe6 fxe6 14.
Qh5+ Ke7 15. Rad1 Qg8 16. Rf2 Qg5 17. Qh3 Rad8 18. Qf3 Rhg8 19. Nf1 h5 20. Rxd8 Rxd8 21. h3 b6 22. Ng3 Rh8 23. Nf1 Rd8 24. Qe2 Nb8 25. Qc4 c6 26. Qa4 Rd7 27. Qc2 b5 28. b3 Na6 29. b4 Kf7 30. a4 Nc7 31. a5 Na6 32. Qe2 Kg6 33. Nh2 Qc1+ 34. Nf1 Qxc3 0

[Event "Open Nuevo Centro. Jornada 2"]
[Site "Chess.com"]
[Date "2020.06.26"]
[Round "4"]
[White "Martínez Carvajal, Juan Francisco"]
[Black "Mora Bort, Miguel Ángel"]
[Result "1-0"]
[WhiteElo "1753"]
[BlackElo "1151"]
[TimeControl "180+2"]
[EndTime "11:12:59 PDT"]
[Termination "Victoria de JuanFcoMtnezCarvajal por abandono"]

1. Nf3 d5 2. c4 Nf6 3. cxd5 Nxd5 4. e4 Nf6 5. Nc3 Nc6 6. d4 Bg4 7. Be3 e6 8. Be2 Bb4 9. d5 exd5 10. exd5 Bxc3+ 11. bxc3 Qxd5 12. Qa4 O-O 13. Rd1 Qa5 14. Qxa5 Nxa5 15.
Ne5 Bxe2 16. Kxe2 Rfe8 17. Nd7 Nxd7 18. Rxd7 Rec8 19. Rhd1 h6 20. Re7 Nc6 21. Red7 Ne5 22. Re7 Nc6 23. Re4 Re8 24. Rc4 Rad8 25. Rb1 Na5 26. Rxc7 Nc6 27. Rcxb7 Ne5 28. Kf1 Ng4 29. Bxa7 Nxh2+ 30. Kg1 Ng4 31. Bd4 Re2 32. a4 Rde8 33.
g3 Re1+ 34. Rxe1 Rxe1+ 35. Kg2 Re2 36. Kf3 1

[Event "Open Nuevo Centro. Jornada 2"]
[Site "Chess.com"]
[Date "2020.06.26"]
[Round "4"]
[White "Macias Pino, Diego"]
[Black "Randazzo, Adrián"]
[Result "0-1"]
[WhiteElo "2196"]
[BlackElo "2472"]
[TimeControl "180+2"]
[EndTime "11:13:11 PDT"]
[Termination "Victoria de Nikithebest por abandono"]

1. e4 c5 2. Nc3 a6 3. g3 b5 4. Bg2 Bb7 5. d3 b4 6. Nce2 e6 7. Nh3 d5 8. O-O Nf6 9. e5 Ng8 10. d4 h5 11. f4 g6 12. c3 Nc6 13. Be3 Qb6 14. Qd2 Nh6 15. Nf2 Nf5 16. Nd3 c4 17.
Ne1 a5 18. Bf2 Be7 19. Nf3 h4 20. g4 h3 21. gxf5 hxg2 22. Kxg2 gxf5 23. Ng3 Kd7 24.
a3 Rag8 25. Rh1 b3 26. Rag1 Qd8 27. Kf1 Rh3 28. Ke2 Rgh8 29. Nf1 Qf8 30. Rg3 R3h5 31. Rhg1 Kc7 32. R3g2 Bc8 33. Ng3 Rh3 34. Nf1 Bd7 35. Ng5 Rd3 36. Qc1 f6 37. Nf3 Be8 38. Ng3 Qh6 39. Ne1 Bh5+ 40. Kf1 Rd1 41. Qe3 Bg4 42. exf6 Qxf6 43. Nh1 Bxa3 44. Rxg4 fxg4 45. Qe2 Ra1 46. bxa3 Ra2 47. Qd1 Rxh2 48. Bg3 Rhd2 49. Qxg4 b2 50. f5+ Kb6 51. Qf4 Qxf5 0

[Event "Open Nuevo Centro. Jornada 2"]
[Site "Chess.com"]
[Date "2020.06.26"]
[Round "4"]
[White "Ulla Centelles, Llorens"]
[Black "URSARIU, NIKOLAS VICTOR"]
[Result "1-0"]
[WhiteElo "1580"]
[BlackElo "1053"]
[TimeControl "180+2"]
[EndTime "11:13:23 PDT"]
[Termination "Victoria de kratos82 por tiempo"]

1. e4 e5 2. f4 Nc6 3. Nf3 exf4 4.
d4 Bb4+ 5. c3 Ba5 6. Bxf4 Nf6 7.
Be2 O-O 8. Nbd2 d6 9. O-O Be6 10.
d5 Nh5 11. Be3 Bg4 12. dxc6 bxc6 13. b4 Bb6 14. Bxb6 cxb6 15. a4 Qf6 16. Nc4 Rfd8 17. Qb3 Bxf3 18. Bxf3 Nf4 19. Rae1 d5 20. exd5 cxd5 21.
Nd2 Nd3 22. Re3 Qf5 23. Be2 Nf4 24. Ref3 Nxe2+ 25. Kh1 Qe6 26. Qc2 d4 27. cxd4 Nxd4 28. Qc3 Nxf3 29. Nxf3 Qf6 30. Qc7 Rdc8 31. Qb7 Rcb8 32. Qc7 Qb2 33. Ng5 Qa2 34. Qf4 Rb7 35. Qf3 Rbb8 36. Nxf7 Qxa4 37. Nd6 Rf8 38. Qd5+ 1

[Event "Open Nuevo Centro. Jornada 2"]
[Site "Chess.com"]
[Date "2020.06.26"]
[Round "4"]
[White "Casado Andreu, David"]
[Black "Gómez Alonso, Óscar"]
[Result "0-1"]
[WhiteElo "1638"]
[BlackElo "1865"]
[TimeControl "180+2"]
[EndTime "11:13:29 PDT"]
[Termination "Victoria de osgo78 por jaque mate"]

1. e4 c5 2. Nf3 e6 3. d4 cxd4 4. Nxd4 Nf6 5. Nc3 Nc6 6. Be2 a6 7. O-O Bb4 8. Be3 O-O 9. Na4 d5 10. Nxc6 bxc6 11. exd5 cxd5 12. a3 Be7 13. Nb6 Rb8 14.
Nxc8 Qxc8 15. Rb1 Rd8 16. Bf4 Rb6 17. Qd4 Qc5 18. Qd2 Ne4 19. Qc1 Bf6 20. c3 Qc6 21.
Rd1 Rdb8 22. Be3 R6b7 23. Bd3 Nxc3 24. bxc3 Rxb1 25. Bxb1 g6 26. Bd4 e5 27. Be3 Rc8 28.
Bd2 Qc5 29. h3 Qb5 30. Ba2 d4 31. c4 Qc6 32. Bg5 Bg7 33. Qd2 h6 34. Bh4 e4 35.
Bg3 Re8 36. Qb4 e3 37. fxe3 dxe3 38. Re1 Qe4 39. Bb1 Qd4 40. Re2 h5 41. a4 h4 42.
Bh2 Kh7 43. Qa3 Qd1+ 44. Re1 Qxe1# 0

[Event "Open Nuevo Centro. Jornada 2"]
[Site "Chess.com"]
[Date "2020.06.26"]
[Round "4"]
[White "Crevillen Abad, Clemente"]
[Black "Aymerich Rosell, Pablo"]
[Result "1/2-1/2"]
[WhiteElo "1761"]
[BlackElo "1977"]
[TimeControl "180+2"]
[EndTime "11:13:45 PDT"]
[Termination "Tablas por repeticiÃ³n de movimientos"]

1. e4 c5 2. Nc3 Nc6 3. f4 g6 4. Bc4 Bg7 5. Nf3 e6 6. O-O Nge7 7. e5 d5 8. exd6 Qxd6 9. d3 Bxc3 10. bxc3 O-O 11. Qe1 Nf5 12. g4 Nfe7 13. Ne5 Na5 14.
Bb3 Nxb3 15. axb3 b6 16. Qe4 Qd5 17. Qxd5 Nxd5 18. c4 Nb4 19. Rf2 f6 20. Nf3 Bb7 21. Kg2 a5 22. Ba3 e5 23. Kg3 exf4+ 24. Kxf4 f5 25.
g5 Nc6 26. Bb2 Rae8 27. Re1 Nb4 28. Rxe8 Rxe8 29. Ne5 Re6 30. Bc3 Nc6 31. Re2 Nxe5 32. Rxe5 Kf7 33. Rxe6 Kxe6 34. Be5 Kd7 35. c3 Bc6 36. d4 a4 37. bxa4 Bxa4 38. Ke3 Bb3 39. Kd3 Ke6 40. Bf4 Kd7 41. h4 Kc6 42. Be3 b5 43.
dxc5 Bxc4+ 44. Kd4 Bf1 45. Ke5 Be2 46. Kf6 Bh5 47.
Ke5 Bg4 48. Bd4 Bh5 49. Be3 Bg4 50. Bd4 Bh5 51. Be3 1/2-1

[Event "Open Nuevo Centro. Jornada 2"]
[Site "Chess.com"]
[Date "2020.06.26"]
[Round "4"]
[White "Valverde Caballero, Rafael"]
[Black "Salvador Buiza, Victor"]
[Result "0-1"]
[WhiteElo "1862"]
[BlackElo "1754"]
[TimeControl "180+2"]
[EndTime "11:14:10 PDT"]
[Termination "Victoria de TERROROSCURO666 por tiempo"]

1. c4 e5 2. Nc3 Nc6 3. Nf3 d6 4. e4 g6 5. d4 exd4 6. Nxd4 Bg7 7. Be3 Nf6 8. Be2 O-O 9. O-O Bd7 10. f4 Re8 11. Bf3 Nxd4 12. Bxd4 Bc6 13. Nd5 Bxd5 14. exd5 Qd7 15. Qd3 h5 16. h3 Re7 17. Rfe1 Rae8 18.
Kf1 Rxe1+ 19. Rxe1 Rxe1+ 20. Kxe1 Qe7+ 21. Qe2 Qxe2+ 22. Kxe2 Nd7 23. Kd3 Nc5+ 24. Bxc5 dxc5 25. b3 Kf8 26. f5 Ke7 27. fxg6 fxg6 28. Ke4 h4 29.
Kf4 Bf6 30. Be4 g5+ 31. Kf5 b6 32. Bf3 Kf7 33. Bh5+ Kg7 34. Ke6 Kh6 35. Bg4 Kg7 36. Kd7 Be5 37. Kc6 a5 38. Kd7 Kf6 39. Ke8 Bd6 40. Kd7 Ke5 41. a4 Kf4 42. Bf3 Ke3 43. Ke6 Kd2 44. Kf5 Bf4 45. Be4 Kc3 46. Bf3 Kxb3 47.
Be2 Kxa4 48. Ke4 Kb4 49. Kd3 a4 50. Kc2 a3 51. Kb1 Kb3 52. Bd3 a2+ 0

[Event "Open Nuevo Centro. Jornada 2"]
[Site "Chess.com"]
[Date "2020.06.26"]
[Round "4"]
[White "Rojo Everss, Noel"]
[Black "Valero Artagoitia, Sara"]
[Result "1-0"]
[WhiteElo "805"]
[BlackElo "518"]
[TimeControl "180+2"]
[EndTime "11:14:11 PDT"]
[Termination "Victoria de NoelRoEv por tiempo"]

1. e4 e5 2. Bb5 Nc6 3. d4 Bb4+ 4. c3 Be7 5. Nf3 Bf6 6. Na3 d6 7. Nc4 a6 8. dxe5 Bxe5 9. Ncxe5 dxe5 10. Bg5 Nf6 11.
Qxd8+ Kxd8 12. Rd1+ Bd7 13. O-O axb5 14. a4 bxa4 15. Rd4 Nxd4 16. Nxd4 exd4 17. cxd4 h6 18. Bd2 Re8 19. e5 Ne4 20. e6 Bxe6 21.
d5 Nxd2 22. Rd1 Nc4 23. d6 cxd6 24. Rd4 Nxb2 25. Rxd6+ Bd7 26. Rd2 a3 27. Rd1 a2 28.
Ra1 Re1+ 29. Rxe1 Nd3 30. Ra1 Nb4 31. h3 Ra3 32. g4 Nc2 33. g5 Nxa1 34. gxh6 Nc2 35. hxg7 a1=Q+ 36. Kg2 Nd4 37. g8=Q+ Be8 38. Qg4 Nc2 39. Qe2 Qb2 40. h4 Qc3 41. h5 Qg3+ 42. Kf1 Qh2 43. f4 Rg3 44. Qxh2 Rf3+ 45. Kg2 Rxf4 46.
h6 Rg4+ 47. Kf3 Ne1+ 48. Ke2 Bb5+ 49. Kf2 Rf4+ 50. Kg3 1

[Event "Open Nuevo Centro. Jornada 2"]
[Site "Chess.com"]
[Date "2020.06.26"]
[Round "4"]
[White "Martínez Cuenca, Jose Andrés"]
[Black "Rodriguez Rodriguez, Joan David "]
[Result "0-1"]
[WhiteElo "1066"]
[BlackElo "1611"]
[TimeControl "180+2"]
[EndTime "11:14:14 PDT"]
[Termination "Victoria de Not_Jr_chess por tiempo"]

1. e4 e5 2. Qh5 Nc6 3. Bc4 g6 4. Qf3 Nf6 5. Qd1 Bg7 6. Nc3 O-O 7. Nf3 d6 8. d3 Bg4 9. Be3 Ne8 10. h3 Be6 11.
O-O Nd4 12. Bxd4 exd4 13. Ne2 c5 14. Bxe6 fxe6 15. c3 dxc3 16. bxc3 Rc8 17. d4 cxd4 18. cxd4 Qd7 19. Rc1 Nc7 20. Qb3 d5 21. exd5 Nxd5 22. Rxc8 Rxc8 23. Rc1 Rxc1+ 24. Nxc1 Nf4 25. Nd3 Ne2+ 26.
Kf1 Nxd4 27. Nxd4 Bxd4 28. Nb2 Qd5 29. Qxd5 exd5 30. Nd3 Kf7 31. Ke2 Ke7 32. f3 Kd6 33.
Kd2 a5 34. Kc2 b5 35. Kb3 Kc6 36. a3 Bc5 37. Nxc5 Kxc5 38. g4 Kd4 39. a4 b4 40.
Kc2 Ke3 41. h4 d4 42. h5 gxh5 43. gxh5 Ke2 44. f4 d3+ 45. Kc1 d2+ 46. Kc2 d1=Q+ 47. Kb2 Qxa4 48. f5 Qa3+ 49. Kc2 Qc3+ 50. Kb1 b3 51. f6 Qc2+ 0

[Event "Open Nuevo Centro. Jornada 2"]
[Site "Chess.com"]
[Date "2020.06.26"]
[Round "4"]
[White "Campos Gambuti, Luis María"]
[Black "Segarra Martinez, Axel"]
[Result "1/2-1/2"]
[WhiteElo "2411"]
[BlackElo "2190"]
[TimeControl "180+2"]
[EndTime "11:14:15 PDT"]
[Termination "Tablas por rey ahogado"]

1. d4 Nf6 2. Nc3 d5 3. Bg5 Nbd7 4. Qd3 h6 5. Bh4 e6 6. e4 dxe4 7. Nxe4 Be7 8. Nxf6+ Nxf6 9. Nf3 O-O 10. O-O-O b6 11.
Bxf6 Bxf6 12. Qe4 Bd7 13. Bd3 g6 14. Ne5 Be8 15. f4 Qd5 16. Qxd5 exd5 17. Be2 Rd8 18. Bf3 Bxe5 19. fxe5 c6 20. Rhf1 Bd7 21. Be2 Kg7 22. Rf6 Be6 23. Rdf1 c5 24. c3 cxd4 25. cxd4 Rc8+ 26. Kd2 Rc7 27. Bd3 Re8 28. h4 h5 29. g3 a5 30. Rc1 Rxc1 31. Kxc1 Rc8+ 32. Kd2 Rc6 33. Bb5 Rc7 34. a3 Kf8 35. Bd3 Ke7 36.
Rf1 Bd7 37. Rc1 Rxc1 38. Kxc1 f6 39. Bxg6 fxe5 40. dxe5 Bg4 41. Kd2 Ke6 42. Bd3 Kxe5 43. Ke3 d4+ 44. Kf2 Bf5 45. Be2 Bg6 46. g4 hxg4 47. Bxg4 Kf4 48. Bd1 d3 49. h5 Bh7 50.
h6 Kg5 51. Ke3 Kxh6 52. Ba4 Kg5 53. Bb5 Kf6 54. Bxd3 Bg8 55. Kd4 Ke7 56. Bc4 Bxc4 57. Kxc4 Kd6 58. Kb5 Kc7 59. Ka6 Kc6 60. b4 axb4 61.
axb4 b5 62. Ka5 Kc7 63. Kxb5 Kb7 64. Kc5 Kc7 65. b5 Kb7 66. b6 Kb8 67. Kb5 Kb7 68. Ka5 Kb8 69. Kb5 Kb7 70. Kc5 Kb8 71. Kc6 Kc8 72. b7+ Kb8 73. Kb6 1/2-1

[Event "Open Nuevo Centro. Jornada 2"]
[Site "Chess.com"]
[Date "2020.06.26"]
[Round "4"]
[White "Gimeno Higueras, Roberto"]
[Black "Bosch Jordà, Ricard"]
[Result "1-0"]
[WhiteElo "1996"]
[BlackElo "1758"]
[TimeControl "180+2"]
[EndTime "11:14:17 PDT"]
[Termination "Victoria de Chicogrande2 por tiempo"]

1. e4 c5 2. c3 Nf6 3. e5 Nd5 4. d4 cxd4 5. Nf3 Nc6 6. cxd4 d6 7. Bc4 dxe5 8. dxe5 Nb6 9. Qxd8+ Nxd8 10. Bb3 Be6 11.
Nbd2 g6 12. O-O Bg7 13. Ne4 O-O 14. Bg5 Bxb3 15. axb3 Nc6 16. Nc5 Nxe5 17. Nxe5 Bxe5 18. Bxe7 Rfe8 19. Bg5 Bxb2 20. Ra2 Bg7 21. Nxb7 Reb8 22. Nc5 Nd5 23. Rd1 Nb4 24. Ra4 Nc2 25. h3 Nd4 26.
Rd3 Rb5 27. Be7 Ne2+ 28. Kh2 Nc3 29. Rc4 Rc8 30. Rdxc3 Bxc3 31. Rxc3 a5 32. h4 f5 33. Bd6 Rc6 34. Rd3 Rcxc5 35. Bxc5 Rxc5 36. f3 Rb5 37. Kg3 Rb4 38. Rd5 a4 39. bxa4 Rxa4 40. Rd7 Rc4 41. Kh3 Rb4 42. g3 Rc4 43. Kg2 Rb4 44. Kf2 Ra4 45.
Ke3 Rb4 46. Kf2 Rb3 47. Kg2 Ra3 48. Re7 Rb3 49. h5 Rb2+ 50. Kh3 Rb3 51. hxg6 hxg6 52. f4 Kf8 53. Rc7 Re3 54. Kh4 1

[Event "Open Nuevo Centro. Jornada 2"]
[Site "Chess.com"]
[Date "2020.06.26"]
[Round "4"]
[White "Remolar Gallen, Jose"]
[Black "Kovacevic, Slobodan"]
[Result "1-0"]
[WhiteElo "2360"]
[BlackElo "2109"]
[TimeControl "180+2"]
[EndTime "11:14:25 PDT"]
[Termination "Victoria de ChessMonguer por tiempo"]

1. d4 Nf6 2. c4 e6 3. Nf3 c5 4. e3 cxd4 5. exd4 d6 6. Nc3 b6 7. Be2 Bb7 8. O-O Nbd7 9. h3 Rc8 10. Bf4 Qc7 11. Rc1 a6 12. Re1 Be7 13. Bh2 O-O 14. d5 e5 15. b4 Rfe8 16. a3 Bf8 17. Nd2 Qb8 18. Nb3 g6 19. Bf1 Bh6 20. Rc2 Nh5 21. a4 f5 22. a5 Bf8 23. g4 Ng7 24. Na4 Ba8 25. Qb1 fxg4 26. hxg4 b5 27. cxb5 axb5 28.
Nc3 Nf6 29. Nxb5 Bxd5 30. a6 Nxg4 31. a7 Qb6 32. Bh3 Be6 33. Bxg4 Bxg4 34. Rxc8 Rxc8 35. Qe4 Be6 36. a8=Q Rxa8 37. Qxa8 Qxb5 38. Qa5 Qd3 39. Nc1 Qd2 40. Rf1 Bd5 41. Bg3 Qd4 42. Qa3 Nf5 43.
Qd3 Nxg3 44. Qxd4 exd4 45. fxg3 Bc4 46. Rd1 d5 47. Rxd4 Bxb4 48. Nd3 Bc3 49. Rxc4 dxc4 50.
Nc1 1

[Event "Open Nuevo Centro. Jornada 2"]
[Site "Chess.com"]
[Date "2020.06.26"]
[Round "4"]
[White "Castellano López, Javier"]
[Black "Martinez Hernandez, Paula"]
[Result "1-0"]
[WhiteElo "1808"]
[BlackElo "2026"]
[TimeControl "180+2"]
[EndTime "11:14:25 PDT"]
[Termination "Victoria de its_xavi_official por abandono"]

1. d4 f5 2. c4 Nf6 3. Nc3 g6 4. Nf3 Bg7 5. e3 d6 6. b3 O-O 7. Bb2 c6 8. Be2 Qe8 9. O-O e5 10. dxe5 dxe5 11. Qc2 Na6 12. Ba3 c5 13. Rad1 b6 14. Bb2 Bb7 15. Rd2 Rd8 16. Rfd1 Rxd2 17.
Qxd2 Nb4 18. a3 Nc6 19. Nb5 Ne4 20. Qc2 Qe7 21. Nd2 Ng5 22. Nf3 Nf7 23. Nc3 Rd8 24. Nd5 Qe8 25. e4 f4 26. b4 Nd4 27. Bxd4 cxd4 28. Ne1 Nd6 29. f3 g5 30. Qb3 Bc6 31. c5 Nf7 32. cxb6 axb6 33. Nxb6 Rb8 34. Nd5 Ba4 35. Qb1 Bxd1 36. Bxd1 Qd8 37. Nd3 Nd6 38. Bb3 Kh8 39. Qc2 Rc8 40. Nc5 h6 41. Qd3 Qe8 42. a4 Qg6 43. a5 Rb8 44. Qd2 g4 45. Bd1 gxf3 46. Bxf3 Nc4 47. Qd3 Ne3 48. a6 Bf8 49.
Nxe3 fxe3 50. a7 Ra8 51. Qa3 Bxc5 52. bxc5 Qc6 53. Qa5 Rc8 54. Be2 Qc7 55. Qxc7 Rxc7 56. a8=Q+ Kg7 57. Qb8 Rf7 58. c6 Kf6 59. c7 Rg7 60.
c8=Q 1

[Event "Open Nuevo Centro. Jornada 2"]
[Site "Chess.com"]
[Date "2020.06.26"]
[Round "4"]
[White "Vicent Lázaro, Elena"]
[Black "Elenkov Olmo, Ivan"]
[Result "1/2-1/2"]
[WhiteElo "665"]
[BlackElo "910"]
[TimeControl "180+2"]
[EndTime "11:14:26 PDT"]
[Termination "Tablas por tiempo agotado contra material insuficiente"]

1. e3 e5 2. c4 Nc6 3. Nc3 Nf6 4. Bd3 d5 5. cxd5 Nxd5 6. Nxd5 Qxd5 7. Bb1 Qd8 8. Nf3 f6 9. O-O Bg4 10. h3 Bxf3 11.
gxf3 Bd6 12. a3 a6 13. b4 a5 14. bxa5 Nxa5 15. Qa4+ Nc6 16. Qc2 O-O 17. Qxh7+ Kf7 18. Qg6+ Kg8 19. Kh2 Ne7 20. Qh7+ Kf7 21. Rg1 Rg8 22.
Ba2+ Kf8 23. Bxg8 Nxg8 24. Qxg7+ Ke8 25. Qxg8+ Kd7 26. Qg7+ Qe7 27. Qg4+ Kd8 28. Qg8+ Kd7 29. Qxa8 e4+ 30. f4 Qd8 31. Qxb7 Qc8 32. Qb5+ c6 33. Qf5+ Kd8 34. Qxf6+ Kd7 35. Qf7+ Be7 36. Qf5+ Kd8 37.
Qxe4 Ke8 38. Bb2 Kd7 39. Rg7 Qd8 40. Bc3 c5 41. Ba5 Qe8 42. Rc1 Qf8 43. Rxe7+ Qxe7 44. Qb7+ Kd6 45. Bc7+ Kd7 46. Bd8+ Kxd8 47. Qb6+ Kd7 48.
Rxc5 Ke8 49. Qb8+ Kf7 50. Qb3+ Kf8 51. Rc8+ Kg7 52. Qc3+ Kf7 53. Rc7 Kg6 54. Rxe7 Kf5 55. Qf6+ Kxf6 56. Re4 Kf5 57. Re5+ Kf6 58. Rf5+ Ke6 1/2-1

[Event "Open Nuevo Centro. Jornada 2"]
[Site "Chess.com"]
[Date "2020.06.26"]
[Round "4"]
[White "García Oviedo, Alejandro"]
[Black "Gálvez Torres, Guillermo"]
[Result "1-0"]
[WhiteElo "1847"]
[BlackElo "1096"]
[TimeControl "180+2"]
[EndTime "11:14:49 PDT"]
[Termination "Victoria de alexgarov por abandono"]

1. Nf3 c5 2. g3 d6 3. Bg2 Nc6 4. O-O Nf6 5. d4 cxd4 6. Nxd4 Nxd4 7. Qxd4 g6 8. Bg5 Bg7 9. Qb4 O-O 10. Nc3 Rb8 11.
Qa4 Bd7 12. Qxa7 Qc7 13. Bxf6 Bxf6 14. Nd5 Qc5 15. Nxf6+ exf6 16. Qxc5 dxc5 17. Rfd1 Bf5 18.
e4 Bg4 19. Rd5 b6 20. Bf1 f5 21. e5 Bf3 22. Rd3 Be4 23. Rc3 Rfd8 24. f3 Bc6 25. Bd3 Bxf3 26. Bxf5 Bc6 27. Bd3 Ba4 28. Re1 Re8 29.
b3 Bc6 30. a4 f6 31. e6 Bd5 32. Bb5 Rxe6 33. Rxe6 Bxe6 34. Rd3 Kg7 35. Rd6 Bf5 36. c3 Bc2 37. Bc4 f5 38. Kf2 Be4 39. Ke3 Kh6 40. Rd7 Rb7 41. Rxb7 Bxb7 42. Kf4 Kg7 43. h4 Kf6 44. b4 Bc6 45. bxc5 bxc5 46. a5 Ke7 47. Bg8 Kf6 48. Bc4 Ke7 49. a6 Kd7 50. Ke5 Ke7 51. Bd5 Bxd5 52. Kxd5 Kd7 53. a7 f4 54. gxf4 h5 55. a8=Q Kc7 56. Qa6 Kd7 57. Qa7+ Ke8 58. Ke6 1

[Event "Open Nuevo Centro. Jornada 2"]
[Site "Chess.com"]
[Date "2020.06.26"]
[Round "4"]
[White "Alvarez Usina, Jordi"]
[Black "Reig Albero, Ferran"]
[Result "0-1"]
[WhiteElo "1186"]
[BlackElo "1798"]
[TimeControl "180+2"]
[EndTime "11:14:55 PDT"]
[Termination "Victoria de Narref por tiempo"]

1. d4 Nf6 2. Bf4 e6 3. e3 c5 4. c3 b6 5. Nf3 Bb7 6. Bd3 Be7 7. Nbd2 Nc6 8. O-O Nh5 9. Bg3 Nxg3 10. hxg3 O-O 11. Nh2 d6 12. Nhf3 f5 13. Kh2 g6 14.
Rh1 e5 15. Nh4 Bxh4 16. gxh4 Qxh4+ 17. Kg1 Qf6 18. Qf3 Kg7 19. Qh3 h5 20. Be2 Rh8 21.
Nf3 g5 22. Qg3 h4 23. Qxg5+ Qxg5 24. Nxg5 Kf6 25. Nf3 exd4 26. Rxh4 Rxh4 27. Nxh4 dxe3 28. fxe3 Ne5 29. Nf3 Ng4 30. Nd2 Nxe3 31. Kf2 Nxg2 32.
Bf3 Bxf3 33. Kxf3 Nh4+ 34. Kf2 Rg8 35. Rh1 Rg2+ 36. Ke3 f4+ 37. Kd3 Kg5 38. Ne4+ Kg4 39. Nf6+ Kf5 40. Rxh4 Kxf6 41. Rxf4+ Ke5 42. Rf7 Rxb2 43.
Rxa7 d5 44. c4 d4 45. Ra6 Rb1 46. Kc2 Rb4 47. Kd3 Kf4 48. Ra7 Kf3 49. Ra6 Kf2 50.
Ra7 Ke1 51. Re7+ Kd1 52. Ra7 Kc1 53. a4 Kb2 54. a5 Rb3+ 55. Ke4 Re3+ 56. Kd5 d3 57. axb6 d2 58. b7 d1=Q+ 59. Kxc5 Re5+ 60. Kc6 Qb3 0

[Event "Open Nuevo Centro. Jornada 2"]
[Site "Chess.com"]
[Date "2020.06.26"]
[Round "4"]
[White "Gil López, Alejandro"]
[Black "Giaccio González, Alfredo Gustavo"]
[Result "1/2-1/2"]
[WhiteElo "2118"]
[BlackElo "2380"]
[TimeControl "180+2"]
[EndTime "11:15:19 PDT"]
[Termination "Tablas por repeticiÃ³n de movimientos"]

1. e4 e6 2. Nf3 d5 3. exd5 exd5 4. d4 Bd6 5. Bd3 Nc6 6. O-O Nge7 7. c3 O-O 8. a4 Bf5 9. Bxf5 Nxf5 10. Qd3 Qd7 11. Nbd2 Nce7 12. Re1 Ng6 13. Nf1 c6 14. Ng3 Bxg3 15.
hxg3 f6 16. b4 Nd6 17. Bf4 Nxf4 18. gxf4 Rfe8 19. Nd2 Re6 20. Rxe6 Qxe6 21. Qe3 Qf5 22. Nb3 Re8 23. Qd2 Nc4 24. Qc1 b6 25. a5 h6 26.
axb6 axb6 27. Nd2 Qxf4 28. Nxc4 Qxc1+ 29. Rxc1 dxc4 30. Ra1 b5 31. Kf1 Kf7 32. Ra6 Re6 33. Ra7+ Re7 34. Ra6 Rc7 35. Ke2 Ke6 36. Ke3 Kd5 37.
Ra8 Re7+ 38. Kf4 Ke6 39. g4 g5+ 40. Kf3 f5 41. gxf5+ Kxf5 42. Rf8+ Kg6 43. Rc8 Re6 44. Kg4 h5+ 45. Kg3 Kf5 46. f3 h4+ 47. Kf2 Rf6 48. Rg8 Kf4 49. Re8 Kf5 50. Rg8 Re6 51. Rf8+ Kg6 52.
Rg8+ Kf6 53. Rf8+ Kg7 54. Rc8 Kf7 55. Rc7+ Kf6 56. Rc8 Ke7 57. Rg8 h3 58. Rh8 Rf6 59. Rxh3 g4 60. Rg3 gxf3 61. Rxf3 Rh6 62. Ke3 Rh2 63. Rg3 Rc2 64. Ke4 Re2+ 65. Kf4 Kf6 66. Rh3 Ke7 67. Re3+ Rxe3 68. Kxe3 Kf6 69. Kf4 Ke6 70.
Ke4 Kd6 71. Kf4 Kd5 72. Kf5 Kd6 73. Kf6 Kd5 74. Kf5 Kd6 75. Kf6 Kd5 76. Kf5 1/2-1

[Event "Open Nuevo Centro. Jornada 2"]
[Site "Chess.com"]
[Date "2020.06.26"]
[Round "4"]
[White "Sanchez Saez, Francisco"]
[Black "Clement Gómez, José Antonio"]
[Result "1/2-1/2"]
[WhiteElo "2296"]
[BlackElo "2480"]
[TimeControl "180+2"]
[EndTime "11:16:15 PDT"]
[Termination "Partida en tablas por mutuo acuerdo"]

1. g3 Nf6 2. Bg2 c5 3. Nf3 g6 4. O-O Bg7 5. c4 O-O 6. d4 d6 7. Nc3 Nc6 8. dxc5 dxc5 9. Qxd8 Rxd8 10. Bf4 Be6 11. Rac1 Bxc4 12. b3 Ba6 13. Ne5 Nd4 14. Rfe1 Nh5 15. e3 Nxf4 16. exf4 Rac8 17. Nc4 e6 18.
Ne4 b6 19. g4 Rd7 20. g5 Rcd8 21. Ne5 Rc7 22. Nc4 Nc6 23. Red1 Bd4 24. Bf3 Kg7 25. Kg2 Rcd7 26. h4 Nb4 27. Rd2 Nd5 28. Kg3 Ne7 29.
Kg2 Nf5 30. h5 h6 31. Rh1 hxg5 32. fxg5 Bb7 33. h6+ Kh7 34. Nf6+ Bxf6 35. Rxd7 Rxd7 36. gxf6 Bxf3+ 37. Kxf3 Rd5 38. Ke4 g5 39. f4 Rd4+ 40.
Ke5 Rxf4 41. Rd1 Nxh6 42. Rd7 Ng4+ 43. Kd6 Kg6 44. Ne5+ Nxe5 45. Kxe5 Rf5+ 46. Ke4 Rxf6 47. Rxa7 g4 48. Rb7 g3 49. Rb8 g2 50. Rg8+ Kh7 51. Rxg2 Rg6 52. Rf2 Kg7 53. Ke5 Rg5+ 54. Kd6 Rf5 55. Rg2+ Kf6 56. Kc6 e5 57. Kxb6 e4 58. a4 e3 59. Re2 Re5 60. a5 Kf5 61. a6 Ke4 62. a7 Re8 63. Kxc5 Kd3 64. Re1 Kd2 65. Ra1 f5 66. a8=Q Rxa8 67. Rxa8 e2 68. Rd8+ Kc2 69. Re8 Kd2 70. Rd8+ Kc2 71. Re8 Kd3 72.
b4 f4 73. Rd8+ Kc2 74. Re8 Kd2 75. b5 e1=Q 76. Rxe1 Kxe1 77. b6 f3 78. b7 f2 79.
b8=Q f1=Q 80. Qe5+ Qe2 81. Qa1+ Kf2 1/2-1

[Event "Open Nuevo Centro. Jornada 2"]
[Site "Chess.com"]
[Date "2020.06.26"]
[Round "5"]
[White "Gálvez Torres, Guillermo"]
[Black "Roca Cruz, Rafael"]
[Result "0-1"]
[WhiteElo "1095"]
[BlackElo "1724"]
[TimeControl "180+2"]
[EndTime "11:17:51 PDT"]
[Termination "Victoria de RafaRocaCruz por abandono"]

1. c4 e5 2. g3 Nc6 3. Bg2 Bc5 4.
e3 d6 5. Ne2 a6 6. Nbc3 Nf6 7.
b3 O-O 8. Bb2 Bg4 9. Qc2 Nb4 10.
O-O Nxc2 0

[Event "Open Nuevo Centro. Jornada 2"]
[Site "Chess.com"]
[Date "2020.06.26"]
[Round "5"]
[White "Ulla Centelles, Llorens"]
[Black "Valverde Caballero, Rafael"]
[Result "0-1"]
[WhiteElo "1577"]
[BlackElo "1873"]
[TimeControl "180+2"]
[EndTime "11:18:31 PDT"]
[Termination "Victoria de Eumenes por abandono"]

1. e4 c5 2. d3 g6 3. Nf3 Bg7 4. Be2 Nc6 5. O-O d6 6. Nc3 e6 7. Bd2 Nge7 8. Qc1 h6 9. Bg5 a6 10. Bh4 Qc7 11. Bg3 O-O 12. e5 dxe5 13. Ne4 b6 14.
Nfd2 f5 0

[Event "Open Nuevo Centro. Jornada 2"]
[Site "Chess.com"]
[Date "2020.06.26"]
[Round "5"]
[White "Amorós Pérez, Manuel David"]
[Black "Cinà Asensio, Luca "]
[Result "1-0"]
[WhiteElo "1643"]
[BlackElo "635"]
[TimeControl "180+2"]
[EndTime "11:19:23 PDT"]
[Termination "Victoria de mpad1984 por jaque mate"]

1. e4 e6 2. Nf3 Nc6 3. d4 Nb8 4. Nc3 c5 5. d5 exd5 6. exd5 Qe7+ 7. Be2 d6 8. O-O Nf6 9. Re1 g6 10. Bb5+ Bd7 11. Bxd7+ Kxd7 12. Rxe7+ Bxe7 13. Bg5 Ng4 14. Bxe7 Kxe7 15. h3 Ne5 16. Nxe5 dxe5 17. Qe2 Kd7 18.
Qxe5 f6 19. Qxf6 Na6 20. Qe6+ Kc7 21. Nb5+ Kd8 22. d6 Re8 23. Qf7 Kc8 24. d7+ Kd8 25. dxe8=Q# 1

[Event "Open Nuevo Centro. Jornada 2"]
[Site "Chess.com"]
[Date "2020.06.26"]
[Round "5"]
[White "Sanchis Bon, Sergi"]
[Black "Tormos Beltran, Maite"]
[Result "0-1"]
[WhiteElo "1005"]
[BlackElo "1463"]
[TimeControl "180+2"]
[EndTime "11:19:35 PDT"]
[Termination "Victoria de TORBEL79 por abandono"]

1. e4 d5 2. exd5 Qxd5 3. Nc3 Qd6 4. Qf3 Nf6 5. g4 c6 6. h3 Nbd7 7. g5 Ne5 8. Qf4 Nd5 9. Nxd5 cxd5 10. c4 Nd3+ 11. Bxd3 Qxf4 12. cxd5 Bf5 13. Bxf5 Qxf5 14. Ne2 Qxd5 15. Nf4 Qxh1+ 16. Ke2 O-O-O 0

[Event "Open Nuevo Centro. Jornada 2"]
[Site "Chess.com"]
[Date "2020.06.26"]
[Round "5"]
[White "Perrot, Fabien "]
[Black "Alvarez Usina, Jordi"]
[Result "0-1"]
[WhiteElo "996"]
[BlackElo "1208"]
[TimeControl "180+2"]
[EndTime "11:19:43 PDT"]
[Termination "Victoria de jordi_alvarez por abandono"]

1. d4 d5 2. Nf3 Nf6 3. c4 c6 4. Bg5 Bf5 5. e3 Nbd7 6. Nc3 Qb6 7. b3 e6 8. Bxf6 Nxf6 9. h3 Bb4 10. Qc1 Qa5 11. Kd2 Bxc3+ 12. Qxc3 Ne4+ 0